 Dungeon Sprint DCSS version 0.20.1-1-g8b1a95d (webtiles) character file.

2531 wojtek the Bludgeoner (level 9, -16/86 (90) HPs)
             Began as a Minotaur Berserker on Jan 2, 2018.
             Was an Elder of Trog.
             Killed from afar by a crystal guardian (18 damage)
             ... with a crystal bolt
             ... in the Dungeon (Sprint II: "The Violet Keep of Menkaure").
             The game lasted 00:04:29 (829 turns).

wojtek the Bludgeoner (Minotaur Berserker)           Turns: 829, Time: 00:04:30

HP:   -16/86 (90)   AC: 20    Str: 26    XL:     9   Next: 30%
MP:   8/8           EV: 13    Int: 10    God:    Trog [****..]
Gold: 84            SH:  0    Dex: 10    Spells: 8/8 levels left

rFire    + . .     SeeInvis .   a - +0 mace
rCold    + . .     Gourm    .   (no shield)
rNeg     . . .     Faith    .   m - +8 chain mail of the Mutiny {Str+4}
rPois    .         Spirit   .   (helmet restricted)
rElec    .         Reflect  .   (no cloak)
rCorr    .         Harm     .   (no gloves)
MR       +....     NoTele   +   (no boots)
Stlth    ..........             (no amulet)
Regen    0.3/turn               k - ring "Egytun" {+Fly rF+ MR+ Str-3 Int+6}
MPRegen  0.2/turn               l - ring of protection from cold

@: lethally poisoned (-16 -> -30), slowed, very slow
A: retaliatory headbutt, horns 2
a: Berserk, Trog's Hand, Brothers in Arms, Burn Spellbooks, Renounce Religion,
Evoke Flight


You were in the Dungeon.
You worshipped Trog.
Trog was greatly pleased with you.
You were hungry.

You visited 1 branch You collected 1053 gold pieces.
You spent 969 gold pieces at shops.

Inventory:

Hand Weapons
 a - a +0 mace (weapon)
Armour
 b - a +0 animal skin
 m - the +8 chain mail of the Mutiny (worn) {Str+4}
   (You bought it in a shop in the Dungeon)

   It affects your strength (+4).
Jewellery
 k - the ring "Egytun" (left hand) {+Fly rF+ MR+ Str-3 Int+6}
   (You bought it in a shop in the Dungeon)

   [ring of flight]

   It affects your strength (-3).
   It affects your intelligence (+6).
   It protects you from fire.
   It affects your resistance to hostile enchantments.
   It lets you fly.
 l - a ring of protection from cold (right hand)
Scrolls
 i - a scroll of blinking
Potions
 d - a potion of curing
 e - a potion of heal wounds
 f - a potion of haste
 g - 2 potions of magic
 h - a potion of berserk rage
Comestibles
 c - a bread ration
 j - 10 chunks of flesh


   Skills:
 + Level 11.8 Fighting
 * Level 15.7 Maces & Flails
 + Level 11.6 Armour
 + Level 10.7 Dodging


You had 8 spell levels left.
You didn't know any spells.

Dungeon Overview and Level Annotations

Branches:
Dungeon (1/1)

Altars:
Cheibriados
Dithmenos
Elyvilon
Hepliaklqana
Kikubaaqudgha
Makhleb
Qazlal
Ru
Sif Muna
Trog
Uskayaw
Xom
Yredelemnul
Zin
The Shining One
Beogh
Jiyva
Lugonu

Shops:
D :[(%!}?}::*==[!!

Annotations:
D exclusion: oklob plant, Roxanne


Innate Abilities, Weirdness & Mutations

You reflexively headbutt those who attack you in melee.
You have a pair of horns on your head.


Message History

Your two-headed ogre hits the crystal guardian with a giant spiked club!
Your two-headed ogre hits the crystal guardian with a giant spiked club!!
A crystal guardian comes into view.
The crystal guardian fires a crystalline bolt at you.
The crystal bolt burns your two-headed ogre.
Your two-headed ogre dies!
Your two-headed ogre's corpse disappears in a puff of smoke!
The crystal bolt misses you. x2
You hear an angry hiss.
You fail to use your ability.
You feel sick.
A death drake comes into view.
Your ogre goes berserk!
You are feeling hungry.
You feel very sick. The death drake bites your ogre.
The crystal guardian hits you!!
* * * LOW HITPOINT WARNING * * *
The death drake closely misses your ogre.
The crystal guardian fires a crystalline bolt at you.
The crystal bolt burns you! You resist.
You die...

§§≈≈§# ≈§≈≈# #+++##
≈....# .. . +##..# #. k
#.##.#### +.##.
##.#....# ...####
..####..## #..##.#
'###.##..# +..#@.#
.##...#..# #..#8O#
<.')#.'..####.†##k#
.##...#....###..(##▓▓▓
÷###.##.§§...≈≈≈≈≈≈≈≈≈≈≈
#.####≈≈.§§..≈#+########
#..#≈≈≈≈≈≈≈..≈#.._..._.#
..##≈≈§≈≈§≈≈.≈#._._._..#
+##≈≈≈§≈§§§§≈≈#_._._._.#


You could see a death drake, a crystal guardian and a friendly ogre (berserk).

Vanquished Creatures
  A merfolk siren (D)
  A yaktaur (D)
  A polar bear (D)
  A hornet (D)
  4 neqoxecs (D)
  A swamp drake (D)
  4 necrophages (D)
  A crocodile (D)
  3 worms (D)
17 creatures vanquished.

Vanquished Creatures (collateral kills)
  A death drake (D)
  2 polar bears (D)
3 creatures vanquished.

Vanquished Creatures (others)
  Menkaure (D)
  A crocodile (D)
2 creatures vanquished.

Grand Total: 22 creatures vanquished

Notes
Turn   | Place    | Note
-------+----------+-------------------------------------------
     0 | D        | wojtek the Minotaur Berserker began the quest for the Orb.
     0 | D        | Reached XP level 1. HP: 19/19 MP: 0/0
     1 | D        | Noticed a neqoxec
     1 | D        | Noticed a neqoxec
     1 | D        | Noticed a neqoxec
     1 | D        | Noticed a neqoxec
     5 | D        | Noticed a quasit
     8 | D        | Killed a neqoxec
     8 | D        | Reached skill level 8 in Maces & Flails
     8 | D        | Reached skill level 5 in Armour
     8 | D        | Reached skill level 5 in Dodging
     8 | D        | Reached XP level 2. HP: 31/31 MP: 1/1
     8 | D        | Reached XP level 3. HP: 38/38 MP: 2/2
     8 | D        | Reached XP level 4. HP: 45/45 MP: 3/3
    10 | D        | Killed a neqoxec
    10 | D        | Reached skill level 10 in Maces & Flails
    10 | D        | Reached XP level 5. HP: 52/52 MP: 4/4
    17 | D        | Killed a neqoxec
    17 | D        | Reached ** piety under Trog
    17 | D        | Reached skill level 11 in Maces & Flails
    17 | D        | Reached XP level 6. HP: 57/62 MP: 5/5
    19 | D        | Killed a neqoxec
   146 | D        | Killed Menkaure
   159 | D        | Noticed a merfolk siren
   165 | D        | Killed a merfolk siren
   165 | D        | Reached *** piety under Trog
   165 | D        | Reached skill level 12 in Maces & Flails
   165 | D        | Reached XP level 7. HP: 71/71 MP: 6/6
   206 | D        | Reached skill level 10 in Fighting
   206 | D        | Reached skill level 13 in Maces & Flails
   213 | D        | Reached XP level 8. HP: 75/78 MP: 7/7
   228 | D        | Reached **** piety under Trog
   228 | D        | Reached skill level 10 in Armour
   354 | D        | Found Zuegis's Distillery.
   355 | D        | Found Fikisch's Jewellery Boutique.
   355 | D        | Found Hogu's Jewellery Shop.
   355 | D        | Found Jocit's Gadget Boutique.
   355 | D        | Found Yxacri's Book Boutique.
   355 | D        | Found Rokkepuk's Distillery.
   355 | D        | Found Zuvar's Gadget Shop.
   355 | D        | Found Goeq's Assorted Antiques.
   355 | D        | Found Lyraz's Food Boutique.
   355 | D        | Found Got Fuaq's Antique Armour Shop.
   355 | D        | Found Xotoli's Magic Scroll Boutique.
   363 | D        | Found Wusch's Distillery.
   363 | D        | Found Sutine's Book Shop.
   363 | D        | Found Bigaumn's Antique Weapon Shop.
   363 | D        | Found Komeacw's Antique Armour Boutique.
   363 | D        | Noticed an iron elemental
   449 | D        | Noticed Roxanne
   507 | D        | Noticed an oklob plant
   508 | D        | Found Xyaroibb's Book Shoppe.
   535 | D        | Bought the ring "Egytun" {+Fly rF+ MR+ Str-3 Int+6} for 520 gold pieces
   539 | D        | Bought an uncursed ring of protection from cold for 250 gold pieces
   547 | D        | Bought a ruby-studded chain mail for 199 gold pieces
   557 | D        | Identified the +8 chain mail of the Mutiny {Str+4} (You bought it in a shop in the Dungeon)
   583 | D        | Found a roughly hewn altar of Beogh.
   584 | D        | Found a hazy altar of Hepliaklqana.
   584 | D        | Found a snail-covered altar of Cheibriados.
   585 | D        | Found a stormy altar of Qazlal.
   585 | D        | Found a viscous altar of Jiyva.
   585 | D        | Found a shadowy altar of Dithmenos.
   586 | D        | Found a sacrificial altar of Ru.
   586 | D        | Found an ancient bone altar of Kikubaaqudgha.
   586 | D        | Found a white marble altar of Elyvilon.
   587 | D        | Found a deep blue altar of Sif Muna.
   587 | D        | Found a corrupted altar of Lugonu.
   588 | D        | Found a shimmering altar of Xom.
   588 | D        | Found a bloodstained altar of Trog.
   588 | D        | Found a burning altar of Makhleb.
   589 | D        | Found a glowing golden altar of the Shining One.
   589 | D        | Found a basalt altar of Yredelemnul.
   589 | D        | Found a hide-covered altar of Uskayaw.
   590 | D        | Found a glowing silver altar of Zin.
   593 | D        | Noticed a yaktaur
   593 | D        | Noticed a hornet
   593 | D        | Noticed a polar bear
   594 | D        | Noticed a polar bear
   597 | D        | Killed a polar bear
   597 | D        | Reached skill level 14 in Maces & Flails
   600 | D        | Noticed a polar bear
   602 | D        | Killed a polar bear
   609 | D        | Killed a yaktaur
   620 | D        | Killed a hornet
   620 | D        | Reached skill level 10 in Dodging
   628 | D        | Killed a polar bear
   628 | D        | Reached ***** piety under Trog
   628 | D        | Reached skill level 15 in Maces & Flails
   628 | D        | Reached XP level 9. HP: 58/87 MP: 8/8
   803 | D        | Noticed a death drake
   820 | D        | Killed a death drake
   828 | D        | Noticed a crystal guardian
   829 | D        | Noticed a death drake
   829 | D        | HP: 2/86 [crystal guardian (23)]
   829 | D        | Killed from afar by a crystal guardian

Skill      XL: |  1  2  3  4  5  6  7  8 |
---------------+-------------------------+-----
Fighting       | 6 7 8 9 10 11 | 11.8
Maces & Flails | 8 10 11 12 13 15 | 15.7
Armour         | 5 7 9 11 | 11.6
Dodging        | 5 6 7 8 10 | 10.7

Action                   |  1- 3 |  4- 6 |  7- 9 || total
-------------------------+-------+-------+-------++-------
Melee: Mace              |     6 |    14 |    72 ||    92
       Headbutt          |     2 |     3 |    18 ||    23
Invok: Berserk           |     1 |     1 |       ||     2
       Brothers in Arms  |       |       |     3 ||     3
 Stab: Sleeping          |       |       |     1 ||     1
  Eat: Chunk             |       |       |     2 ||     2
Armor: Animal skin       |       |     1 |     1 ||     2
       Chain mail        |       |       |    20 ||    20
Dodge: Dodged            |     3 |     4 |    45 ||    52
